 Dungeon Crawl Stone Soup version 0.30.1-11-g7821555f0a (webtiles) character file.

Game seed: 13770169164712033486

6 sadasda the Ruffian (level 1, -2/19 HPs)
             Began as a Ghoul Monk on Jan 5, 2024.
             Slain by a kobold
             ... wielding a +0 dagger
              (4 damage)
             ... on level 1 of the Dungeon.
             The game lasted 00:00:34 (156 turns).

sadasda the Ruffian (Ghoul Monk)                     Turns: 156, Time: 00:00:34

Health: -2/19      AC:  2    Str: 14    XL:     1   Next: 90%
Magic:  0/0        EV: 12    Int:  5    God:
Gold:   21         SH:  0    Dex: 11    Spells: 0/0 levels left

rFire   . .          .
                       - Unarmed
rCold   + . .        c - orb {light}
rNeg    + + +        a - +0 robe
rPois   ∞            (no helmet)
rElec   .            (no cloak)
rCorr   .            (no gloves)
SInv    .            (no boots)
Will    .....        (no amulet)
Stlth   +            (no ring)
HPRegen 0.00/turn    (no ring)
MPRegen 0.07/turn

%: no passive effects
@: inhibited regen, glowing
A: claws 1, cold resistance 1, negative energy resistance 3, inhibited
regeneration, torment resistance 2, devour on kill
a: no special abilities


You were on level 1 of the Dungeon.
You visited 1 branch of the dungeon, and saw 1 of its levels.

You collected 21 gold pieces.

Inventory:

Armour
 a - a +0 robe (worn)
 c - an orb of light (worn)
Potions
 b - a potion of ambrosia


   Skills:
 + Level 3.4 Fighting
 + Level 2.8 Dodging
 + Level 3.4 Unarmed Combat


You couldn't memorise any spells.
You didn't know any spells.
Your spell library was empty.

Dungeon Overview and Level Annotations

Branches:
Dungeon (1/15)

Altars:


Innate Abilities, Weirdness & Mutations

You are immune to poison.
You have sharp fingernails.
Your flesh is cold resistant. (rC+)
You are immune to negative energy. (rN+++)
You do not regenerate when monsters are visible.
You are immune to unholy pain and torment.
You thrive by killing the living.


Message History

* * * LOW HITPOINT WARNING * * *
The ball python constricts you.
You scratch the ball python.
You kill the ball python!
You feel better.
You see here a ball python corpse.
You see here a giant cockroach corpse.
You see here a giant cockroach corpse.
You see here a giant cockroach corpse.
You see here a +0 robe.
Found 11 gold pieces.
You now have 21 gold pieces (gained 11).
A rat comes into view.
An endoplasm and 2 kobolds come into view.
The kobold shouts! x2; You hear an angry hiss.
The kobold throws a stone.
The stone closely misses you.
The endoplasm moves out of view.
The rat barely misses you.
You claw the rat!
You kill the rat!
The kobold throws a stone.
The stone hits you.
A frilled lizard comes into view.
Found 8 gold pieces.
You see here a rat corpse.
Found a stone staircase leading down.
The kobold misses you.
The frilled lizard hisses angrily.
The kobold hits you with a +0 whip. The kobold misses you.
The kobold hits you with a +0 whip. The kobold misses you.
The frilled lizard closely misses you. The kobold hits you with a +0 whip.
* * * LOW HITPOINT WARNING * * *
The kobold closely misses you.
Unknown command.
You scratch the kobold.
You kill the kobold!
The kobold hits you but does no damage. The frilled lizard misses you.
You scratch the endoplasm.
The endoplasm is moderately wounded.
The endoplasm barely misses you. The kobold hits you with a +0 dagger.
You die...

#...#.# # # #.#
###.#.# #.# #.#.#
#.# #.#.########
#.# #.#.#......
#.# ##.#.#.#.# #.#
#........l #.#
##.#K#.#.#.## #.#
#.†.@l....... #.#
#.....#.#J#.#.#.##
#.# #.####........
#.# ##.#.#.#.# #.#
....$...... #.#
###.#.#.#.#.# #.#
.........>.. #.#
#.#.#.#.#.## #.#
#.#.#.#


You could see an endoplasm, a kobold and a frilled lizard.

Vanquished Creatures
  2 giant cockroaches (D:1)
  2 ball pythons (D:1)
  A kobold (D:1)
  A rat (D:1)
6 creatures vanquished.

Notes
Turn   | Place    | Note
-------+----------+-------------------------------------------
     0 | D:1      | sadasda the Ghoul Monk began the quest for the Orb.
     0 | D:1      | Reached XP level 1. HP: 19/19 MP: 0/0
   156 | D:1      | Slain by a kobold

Illustrated notes

Levels and vault maps discovered:
D:1:      wheals_arrival_linesprint, layout_loops_ring, st_stairs_10

Action                     || total
---------------------------++-------
  Melee: Unarmed           ||    14
 Armour: Robe              ||     3
  Dodge: Dodged            ||    38
